 Dungeon Crawl Stone Soup version 0.19.5 (webtiles) character file.

2269 theElss the Thaumaturge (level 9, -4/46 HPs)
             Began as a Deep Elf Conjurer on May 4, 2017.
             Was a Follower of Vehumet.
             Slain by a hog (5 damage)
             ... on level 7 of the Dungeon.
             The game lasted 00:25:21 (8168 turns).

theElss the Thaumaturge (Deep Elf Conjurer)         Turns: 8168, Time: 00:25:21

Health: -4/46      AC:  3    Str:  5    XL:     9   Next: 16%
Magic:  21/25      EV: 13    Int: 24    God:    Vehumet [*.....]
Gold:   312        SH:  3    Dex: 18    Spells: 5 memorised, 13 levels left

rFire  x . .     SeeInvis .     d - +0 dagger
rCold  + . .     Gourm    .     C - +0 leather armour of Ashenzari's Hatred {rF- MR++ Dex+3} (curse)
rNeg   . . .     Faith    .     (no shield)
rPois  .         Spirit   .     (no helmet)
rElec  .         Reflect  +     (no cloak)
rCorr  .         Harm     .     (no gloves)
MR     ++...                    (no boots)
Stlth  +++.......               s - +3 amulet of reflection
                                I - ring of flight
                                q - ring of protection from cold

@: no status effects
A: no striking features
a: Renounce Religion, Evoke Flight


You were on level 7 of the Dungeon.
You worshipped Vehumet.
Vehumet was aware of your devotion.
You were not hungry.

You visited 2 branches of the dungeon, and saw 8 of its levels.

You collected 312 gold pieces.

Inventory:

Hand Weapons
 d - a +0 dagger (weapon)
Armour
 a - a +0 robe
 C - the cursed +0 leather armour of Ashenzari's Hatred (worn) {rF- MR++ Dex+3}
   (You found it on level 5 of the Dungeon)

   It affects your dexterity (+3).
   It makes you vulnerable to fire.
   It affects your resistance to hostile enchantments.
   It has a curse placed upon it.
Magical Staves
 L - an uncursed staff of conjuration {unknown}
Jewellery
 q - a ring of protection from cold (left hand)
 s - a +3 amulet of reflection (around neck)
 u - an uncursed ring of ice
 I - a ring of flight (right hand)
Wands
 H - a wand of enslavement (24/24)
Scrolls
 e - a scroll of recharging
 i - a scroll of teleportation {unknown}
 l - a scroll of remove curse {unknown}
 p - 2 scrolls of blinking {unknown}
 t - 3 scrolls of identify {unknown}
 x - 2 scrolls of random uselessness {unknown}
 y - 2 scrolls of immolation {unknown}
 D - 2 scrolls of amnesia {unknown}
 J - 2 scrolls of magic mapping {unknown}
 K - 2 scrolls of noise {unknown}
Potions
 j - 2 potions of curing {unknown}
 k - 2 potions of haste {unknown}
 m - 2 potions of lignification {unknown}
 n - 3 potions of flight {unknown}
 o - 2 potions of heal wounds {unknown}
 r - 3 potions of brilliance {unknown}
 v - 3 potions of mutation {unknown}
 z - 2 potions of invisibility {unknown}
 B - a potion of berserk rage {unknown}
 F - a potion of degeneration {unknown}
Books
 b - a book of Conjurations

   Spells                             Type                      Level
   a - Magic Dart                     Conjuration                  1
   b - Searing Ray                    Conjuration                  2
   c - Dazzling Spray                 Conjuration/Hexes            3
   d - Fulminant Prism                Conjuration/Hexes            4
   e - Iskenderun's Mystic Blast      Conjuration                  4
   f - Iskenderun's Battlesphere      Conjuration/Charms           5
 h - a book of Maledictions

   Spells                             Type                      Level
   a - Corona                         Hexes                        1
   b - Ensorcelled Hibernation        Hexes/Ice                    2
   c - Confuse                        Hexes                        3
   d - Tukima's Dance                 Hexes                        3
   e - Dazzling Spray                 Conjuration/Hexes            3
 G - a book of Cantrips

   Spells                             Type                      Level
   a - Confusing Touch                Hexes                        1
   b - Animate Skeleton               Necromancy                   1
   c - Summon Small Mammal            Summoning                    1
   d - Apportation                    Translocation                1
Comestibles
 c - 4 bread rations
 f - 3 meat rations
 g - 3 beef jerkies
 A - a slice of pizza
 E - 6 chunks of flesh


   Skills:
 + Level 0.8 Fighting
 + Level 0.4 Short Blades
 + Level 1.9 Armour
 + Level 3.4 Dodging
 + Level 3.8 Stealth
 + Level 10.8 Spellcasting
 + Level 9.8 Conjurations


You had 13 spell levels left.
You knew the following spells:

 Your Spells              Type           Power        Failure   Level  Hunger
a - Magic Dart            Conj           ####         1%          1    None
b - Iskenderun's Battles  Conj/Chrm      #####...     30%         5    ####...
c - Searing Ray           Conj           ######       1%          2    None
d - Iskenderun's Mystic   Conj           ######..     1%          4    None
e - Fulminant Prism       Conj/Hex       #####.....   12%         4    None


Dungeon Overview and Level Annotations

Branches:
Dungeon (7/15)             Temple (1/1) D:4

Altars:
Ashenzari
Cheibriados
Dithmenos
Elyvilon
Fedhas
Gozag
Hepliaklqana
Makhleb
Okawaru
Qazlal
Sif Muna
Trog
Uskayaw
Vehumet
Xom
Zin
The Shining One


Message History

The searing ray hits the hog.
The hog is heavily wounded.
The hog bites you but does no damage.
The searing ray hits the hog.
The hog is severely wounded.
The hog bites you!
The searing ray misses the hog.
The searing ray hits the hog.
The hog is moderately wounded.
The searing ray hits the hog.
The hog is severely wounded.
You finish channeling your searing ray.
The hog bites you. The hog bites you!
* * * LOW HITPOINT WARNING * * *
Unknown command.
Unknown command.
Okay, then.
As you read the scroll of fog, it crumbles to dust.
The scroll dissolves into smoke.
The hog bites you!
* * * LOW HITPOINT WARNING * * *
The hog bites you.
You die...

#.#.######.###
#.#..........#
#####
#.############
....##### #......#
>.... ..# ######.#
....# #.# #.# )...#
#.# #§#
....###.#########§#
....##...).hh§hh@§#
....##..###########
..........[....(#
.)..............#
#######.........#
'...%%#.........#
#hh..%#.........#
###'###.........# #
....#.........#


You could see 2 hogs.

Vanquished Creatures
  A hog (D:7)
  A human (D:7)
  A water moccasin (D:7)
  An ice beast (D:5)
  A sky beast (D:7)
  A necrophage (D:7)
  An ogre (D:5)
  2 centaurs (D:5)
  A scorpion (D:4)
  4 killer bees (D:7)
  4 howler monkeys
  A centaur zombie (D:5)
  2 hounds
  4 orc priests
  A jelly (D:5)
  8 orc wizards
  A centaur skeleton (D:6)
  An iguana (D:5)
  7 worker ants
  2 hound skeletons
  10 adders
  2 oozes
  An adder zombie (D:5)
  An adder skeleton (D:6)
  3 worms
  2 dart slugs
  7 leopard geckos
  24 orcs
  6 giant cockroaches
  8 goblins
  9 hobgoblins
  15 jackals
  10 kobolds
  2 quokkas
  11 bats
  8 frilled lizards
  A leopard gecko skeleton (D:5)
  A quokka skeleton (D:5)
  A quokka zombie (D:7)
  7 rats
174 creatures vanquished.

Vanquished Creatures (others)
  An orc (D:5)
1 creature vanquished.

Grand Total: 175 creatures vanquished

Notes
Turn   | Place    | Note
-------+----------+-------------------------------------------
     0 | D:1      | theElss the Deep Elf Conjurer began the quest for the Orb.
     0 | D:1      | Reached XP level 1. HP: 10/10 MP: 6/6
   198 | D:1      | Reached XP level 2. HP: 15/15 MP: 2/8
   485 | D:1      | Learned a level 2 spell: Searing Ray
   788 | D:1      | Reached XP level 3. HP: 17/19 MP: 5/10
   816 | D:1      | Reached skill level 5 in Conjurations
  1188 | D:2      | Reached skill level 4 in Spellcasting
  1473 | D:2      | Reached XP level 4. HP: 24/24 MP: 6/12
  2361 | D:3      | Reached skill level 5 in Spellcasting
  2814 | D:4      | Reached XP level 5. HP: 28/28 MP: 9/14
  2893 | D:4      | Reached skill level 6 in Spellcasting
  2991 | D:4      | Found a deep blue altar of Sif Muna.
  3023 | D:4      | Reached XP level 6. HP: 28/32 MP: 10/17
  3030 | D:4      | Learned a level 5 spell: Iskenderun's Battlesphere
  3035 | D:4      | Learned a level 4 spell: Iskenderun's Mystic Blast
  3090 | D:4      | Found a staircase to the Ecumenical Temple.
  3128 | D:4      | Found a glowing silver altar of Zin.
  3227 | Temple   | Entered the Ecumenical Temple
  3593 | D:4      | Found a stormy altar of Qazlal.
  3895 | D:4      | Found a snail-covered altar of Cheibriados.
  3895 | D:4      | Found an iron altar of Okawaru.
  3900 | D:4      | Found a faded altar of an unknown god.
  3902 | D:4      | Found an opulent altar of Gozag.
  3904 | D:4      | Found a faded altar of an unknown god.
  4065 | D:5      | Entered Level 5 of the Dungeon
  4556 | D:5      | Got a scorched leather armour
  4580 | D:5      | Reached skill level 7 in Spellcasting
  4580 | D:5      | Reached XP level 7. HP: 36/36 MP: 7/19
  5389 | D:5      | Found a hide-covered altar of Uskayaw.
  5482 | D:5      | Reached skill level 8 in Spellcasting
  5583 | D:5      | Learned a level 4 spell: Fulminant Prism
  5599 | D:5      | Found a glowing golden altar of the Shining One.
  5795 | D:5      | Reached XP level 8. HP: 42/42 MP: 16/22
  6333 | D:5      | Identified the cursed +0 leather armour of Ashenzari's Hatred {rF- MR++ Dex+3} (You found it on level 5 of the Dungeon)
  6377 | D:6      | Reached skill level 9 in Spellcasting
  6634 | D:6      | Found a radiant altar of Vehumet.
  6638 | D:6      | Became a worshipper of Vehumet
  7509 | D:7      | Reached skill level 1 in Armour
  7549 | D:7      | Reached skill level 10 in Spellcasting
  7896 | D:7      | Reached * piety under Vehumet
  7896 | D:7      | Offered knowledge of Sting by Vehumet.
  7896 | D:7      | Reached XP level 9. HP: 43/46 MP: 8/25
  8166 | D:7      | HP: 1/46 [hog (8)]
  8168 | D:7      | Slain by a hog

Skill      XL: |  1  2  3  4  5  6  7  8 |
---------------+-------------------------+-----
Conjurations   | 5 6 7 8 9 |  9.8
Spellcasting   | 4 5 6 7 8 10 | 10.8
Stealth        | 3 |  3.8
Dodging        | 3 |  3.4
Armour         | 1 |  1.9
Fighting       | |  0.8
Short Blades   | |  0.4

Action                   |  1- 3 |  4- 6 |  7- 9 || total
-------------------------+-------+-------+-------++-------
Melee: Dagger            |       |       |     6 ||     6
 Cast: Magic Dart        |    72 |   122 |    95 ||   289
       Searing Ray       |     2 |    10 |    17 ||    29
       Iskenderun's Myst |       |     6 |    40 ||    46
  Use: Scroll            |       |       |     3 ||     3
  Eat: Chunk             |     2 |     9 |    13 ||    24
Armor: Robe              |     2 |     5 |     1 ||     8
       Leather armour    |       |       |     3 ||     3
Dodge: Dodged            |    12 |    18 |    24 ||    54
Block: Other             |       |     3 |     8 ||    11
       Reflection        |       |       |     1 ||     1
